Map: Ruins of Endion

Players

LaserSnake - Winner!

  • Race: Protoss Protoss
  • League: Silver

Mindele

  • Race: Terran Terran
  • League: Bronze

VOD

Have the link to the VOD?

Description

Time

  • Played on: May 14, 2016, 9:26 p.m.
  • Length: 7:15
Show
View Real Time Build Order
Export as new Build Order

LaserSnake Protoss - Winner!

Build Orders: Dark Templar Rush 

Get SALT Encoding   

  12  0:01  Probe (Chrono Boost)  
  13  0:12  Probe (Chrono Boost)  
  14  0:23  Pylon  
  14  0:26  Probe (Chrono Boost)  
  15  0:41  Probe (Chrono Boost)  
  16  0:45  Gateway  
  16  0:49  Assimilator  
  16  0:52  Probe (Chrono Boost)  
  17  1:06  Probe (Chrono Boost)  
  18  1:16  Probe (Chrono Boost)  
  19  1:21  Pylon  
  19  1:30  Assimilator  
  19  1:40  Cybernetics Core  
  19  1:53  Nexus  
  19  2:01  Pylon  
  19  2:06  Probe (Chrono Boost)  
  20  2:17  Probe (Chrono Boost)  
  20  2:19  Warp Gate (Chrono Boost)  
  21  2:25  Twilight Council  
  21  2:30  Gateway  
  21  2:39  Probe (Chrono Boost)  
  22  2:50  Adept, Mothership Core (Chrono Boost)  
  26  2:58  Pylon  
  26  3:11  Probe x2 (Chrono Boost)  
  28  3:20  Adept  
  28  3:21  Probe (Chrono Boost)  
  31  3:27  Dark Shrine  
  31  3:32  Probe (Chrono Boost)  
  31  3:33  Probe (Chrono Boost)  
  33  3:43  Probe (Chrono Boost)  
  33  3:44  Probe (Chrono Boost)  
  35  3:52  Robotics Facility  
  35  4:01  Gateway  
  35  4:10  Probe (Chrono Boost)  
  35  4:11  Probe (Chrono Boost)  
  35  4:47  Warp Prism (Chrono Boost)  
  37  4:55  Gateway  
  37  4:57  Gateway  
  37  5:08  Pylon  
  37  5:10  Pylon  
  37  5:12  Pylon  
  37  5:13  Adept x2  
  37  5:14  Adept  
  43  5:17  Probe  
  43  5:18  Probe  
  45  5:27  Probe  
  45  5:30  Probe  
  35  5:45  Dark Templar  
  35  5:46  Dark Templar x2  
  41  6:04  Probe  
  41  6:05  Probe  
  43  6:14  Probe  
  43  6:17  Probe  
  45  6:28  Dark Templar x4  
  53  6:37  Probe  
  53  6:38  Probe  
  52  6:41  Assimilator  
  52  6:47  Probe  
  52  6:48  Assimilator  
  52  6:50  Probe  
  52  6:52  Pylon  
  54  6:54  Pylon  
  54  7:03  Probe  
Show
View Real Time Build Order
Export as new Build Order

Mindele Terran 

Build Orders:  

Get SALT Encoding   

  12  0:01  SCV  
  13  0:13  SCV  
  14  0:19  Supply Depot  
  14  0:25  SCV  
  15  0:40  SCV  
  15  0:41  Barracks  
  16  0:53  SCV  
  17  0:58  Barracks  
  17  1:05  SCV  
  17  1:10  Refinery  
  18  1:17  SCV  
  19  1:32  Orbital Command  
  19  1:36  Supply Depot  
  19  1:37  Marine  
  20  1:48  Barracks  
  20  1:51  Marine  
  21  1:59  SCV  
  22  2:01  Marine  
  23  2:10  Supply Depot  
  23  2:11  SCV  
  23  2:12  Marine  
  25  2:22  Marine  
  26  2:23  SCV  
  27  2:31  Barracks  
  27  2:35  SCV  
  28  2:40  Marine x2  
  30  2:44  Supply Depot  
  30  2:45  Marine  
  31  2:54  SCV  
  31  2:58  Reaper x2  
  34  3:06  SCV  
  34  3:07  Supply Depot  
  34  3:08  Marine  
  36  3:18  SCV  
  37  3:22  Barracks  
  37  3:23  Reaper  
  37  3:26  Reaper  
  39  3:33  Marine  
  39  3:34  Supply Depot, Marine  
  41  3:45  SCV  
  42  3:57  Supply Depot, SCV  
  42  3:59  Factory, Marine x2  
  43  4:36  Marine  
  43  4:37  Marine x3  
  46  4:41  Marine  
  46  4:45  Factory Tech Lab  
  46  4:53  SCV  
  46  4:54  Marine  
  46  4:56  Marine  
  46  4:57  Marine  
  46  4:59  Marine  
  51  5:05  SCV  
  52  5:07  Armory  
  52  5:11  Marine  
  52  5:12  Marine  
  54  5:14  Marine x2  
  54  5:17  Marine  
  40  5:56  Thor  
  46  6:00  Marine x2  
  48  6:22  Marine x2  
  48  6:23  Marine x3  
  43  6:40  Marine  
  44  7:00  Engineering Bay  
Tags
 
Add a new tag
Caveats
  • Supply blocks, unpowered buildings, or Contaminate may cause inaccurate times.
  • Supply counts are checked every 10 seconds.